 Dungeon Crawl Stone Soup version 0.29-a0-823-gc37b1572da (webtiles) character file.

Game seed: 13674851395820923861

37192 freelancePsychic the Markself (level 13, -10/73 HPs)
             Began as a Deep Elf Arcane Marksman on July 8, 2022.
             Was a High Priest of Hepliaklqana.
             Mangled by a harpy simulacrum (17 damage)
             ... in an ice cave.
             The game lasted 00:34:14 (15364 turns).

freelancePsychic the Markself (DEAM)               Turns: 15364, Time: 00:34:14

Health: -10/73     AC: 17    Str:  9    XL:     13   Next: 57%
Magic:  33/33      EV: 18    Int: 29    God:    Hepliaklqana [*****.]
Gold:   1151       SH:  0    Dex: 27    Spells: 21/25 levels left

rFire   + . .      SeeInvis .   a - +1 longbow (freeze)
rCold   . . .      Faith    .   (shield currently unavailable)
rNeg    . . .      Spirit   .   T - +0 swamp dragon scales
rPois   +          Reflect  .   R - +1 hat
rElec   .          Harm     .   o - +2 cloak
rCorr   .          Rampage  .   y - +3 pair of gloves of Vexation {MP+9}
Will    +....                   V - +0 pair of boots
Stlth   +++.......              (no amulet)
HPRegen 0.22/turn               Q - ring of Gisymm {Int+7 Dex+6}
MPRegen 0.23/turn               W - ring of Qievef {rPois rF+ Str+2 Dex+4}

@: no status effects
A: reduced essence
a: Renounce Religion, Recall Ancestor, Ancestor Identity, Transference, Idealise


You were in an ice cave.
You worshipped Hepliaklqana.
Hepliaklqana was extremely pleased with you.
You visited 2 branches of the dungeon, and saw 17 of its levels.
You also visited: Gauntlet and Ice Cave.

You collected 1151 gold pieces.

Inventory:

Hand Weapons
 a - a +1 longbow of freezing (weapon)
Missiles
 z - a throwing net
Armour
 c - the +1 robe of Vines {NoPotionHeal Regen++++}
   (You found it in a Gauntlet)

   Its wearer cannot be healed by potions.
   Regen:     It increases your rate of health regeneration.
 o - a +2 cloak (worn)
 y - the +3 pair of gloves of Vexation (worn) {MP+9}
   (You found it on level 6 of the Dungeon)

   MP:        It affects your magic capacity (+9).
 L - a +0 troll leather armour
 R - a +1 hat (worn)
 T - +0 swamp dragon scales (worn)
 V - a +0 pair of boots (worn)
Jewellery
 f - a ring of protection from fire
 i - a +4 ring of protection
 p - a ring of ice
 x - a ring of wizardry
 A - a ring of protection from fire
 G - an amulet of faith
 I - a ring of resist corrosion
 K - an amulet of guardian spirit
 P - a +4 ring of protection
 Q - the ring of Gisymm (left hand) {Int+7 Dex+6}
   (You acquired it on level 11 of the Dungeon)

   [ring of dexterity]

   Int:       It affects your intelligence (+7).
   Dex:       It affects your dexterity (+6).
 W - the ring of Qievef (right hand) {rPois rF+ Str+2 Dex+4}
   (You found it in a Gauntlet)

   [ring of protection from fire]

   Str:       It affects your strength (+2).
   Dex:       It affects your dexterity (+4).
   rF:        It protects you from fire.
   rPois:     It protects you from poison.
Wands
 t - a wand of roots (6)
 B - a wand of flame (53)
 C - a wand of polymorph (8)
 E - a wand of mindburst (20)
 M - a wand of quicksilver (4)
 U - a wand of charming (4)
 Y - a wand of digging (8)
Scrolls
 b - a scroll of vulnerability
 l - 2 scrolls of blinking
 u - 3 scrolls of amnesia
 v - a scroll of fear
 D - 4 scrolls of teleportation {@r4}
 F - 3 scrolls of immolation
 H - 3 scrolls of silence
 J - 5 scrolls of poison
 X - 2 scrolls of magic mapping
 Z - a scroll of enchant armour
Potions
 d - a potion of cancellation
 e - a potion of magic
 g - 8 potions of curing {@q1}
 h - 4 potions of attraction
 j - 4 potions of heal wounds {@q2}
 k - a potion of resistance
 m - a potion of haste {unknown}
 n - 4 potions of flight {unknown}
 q - 2 potions of brilliance {unknown}
 r - 3 potions of mutation {unknown}
 s - 3 potions of lignification {unknown}
 w - 4 potions of might {unknown}
 O - a potion of invisibility {unknown}
Miscellaneous
 N - a condenser vane


   Skills:
 + Level 10.0 Fighting
 * Level 20.7 Ranged Weapons
 - Level 2.7 Armour
 - Level 10.1 Dodging
 - Level 4.3 Stealth
 - Level 6.6 Spellcasting
 - Level 8.6 Hexes
 - Level 2.9 Fire Magic


You had 21 spell levels left.
You knew the following spells:

 Your Spells              Type           Power      Damage    Failure   Level
a - Slow                  Hex            100%       N/A       1%          1
c - Inner Flame           Hex/Fire       43%        N/A       4%          3

Your spell library contained the following spells:

 Spells                   Type           Power      Damage    Failure   Level
 Cause Fear               Hex            28%        N/A       4%          4
 Portal Projectile        Hex/Tloc       68%        N/A       8%          3
 Beastly Appendage        Tmut           18%        N/A       14%         1
 Necrotise                Necr           36%        1d5       14%         1
 Sting                    Tmut/Pois      36%        1d4       14%         1
 Poisonous Vapours        Pois/Air       18%        N/A       22%         2
 Wereblood                Tmut           9%         N/A       22%         2
 Gell's Gravitas          Tloc           9%         N/A       41%         3
 Lesser Beckoning         Tloc           9%         N/A       41%         3
 Spider Form              Tmut/Pois      9%         N/A       41%         3
 Stone Arrow              Conj/Erth      18%        3d8       41%         3
 Teleport Other           Tloc           9%         N/A       41%         3
 Vampiric Draining        Necr           9%         2d6       41%         3
 Animate Armour           Summ/Erth      18%        N/A       82%         4
 Olgreb's Toxic Radiance  Pois           9%         N/A       82%         4
 Agony                    Necr           9%         N/A       99%         5
 Summon Forest            Summ/Tloc      4%         N/A       99%         5
 Eringya's Noxious Bog    Tmut/Pois      4%         N/A       100%        6
 Ozocubu's Refrigeration  Ice            4%         4d5       100%        7
 Summon Hydra             Summ           4%         N/A       100%        7
 Discord                  Hex            28%        N/A       100%        8
 Ignition                 Fire           13%        3d6       100%        8
 Lehudib's Crystal Spear  Conj/Erth      4%         10d3      100%        8


Dungeon Overview and Level Annotations

Branches:
Dungeon (12/15)            Temple (0/1) D:5            Lair (5/6) D:8
 Shoals (0/4) Lair:2       Spider (0/4) Lair:2          Orc (0/2) D:10
  IceCv (1/1)             Gauntlet (visited)
  Slime: Lair:5-6

Altars:
Ashenzari
Cheibriados
Dithmenos
Gozag
Hepliaklqana
Kikubaaqudgha
Makhleb
Nemelex Xobeh
Okawaru
Ru
Sif Muna
Uskayaw
Wu Jian
Xom

Annotations:
D:9 1 runed translucent door, Hubris850's ghost, novice DrEE


Message History

Legolam is engulfed in freezing vapours.
Legolam is engulfed in freezing vapours.
Legolam is engulfed in freezing vapours.
Legolam is engulfed in freezing vapours.
Legolam is engulfed in freezing vapours.
Legolam is engulfed in freezing vapours.
Legolam is engulfed in freezing vapours.
Legolam is engulfed in freezing vapours.
Found a brown potion.
Found a fizzy green potion.
Found a scroll of magic mapping.
w - 4 brown potions (gained 1)
X - 2 scrolls of magic mapping (gained 1)
You swap places.
n - 4 fizzy green potions (gained 1)
You are engulfed in freezing vapours.
Legolam is engulfed in freezing vapours.
Legolam is engulfed in freezing vapours.
Legolam is engulfed in freezing vapours.
Legolam is engulfed in freezing vapours.
Legolam is engulfed in freezing vapours.
You swap places.
You are engulfed in freezing vapours.
You are engulfed in freezing vapours.
Legolam is engulfed in freezing vapours.
You are engulfed in freezing vapours.
* * * LOW HITPOINT WARNING * * *
You feel much better.
You are engulfed in freezing vapours.
* * * LOW HITPOINT WARNING * * *
Legolam is engulfed in freezing vapours.
You are engulfed in freezing vapours.
* * * LOW HITPOINT WARNING * * *
A reaper, 6 simulacra and a white imp come into view.
The reaper is wielding a +1 scythe of freezing.
Found 16 gold pieces and a crooked runed staff.
The harpy simulacrum closely misses you.
The harpy simulacrum claws you.
* * * LOW HITPOINT WARNING * * *
The harpy simulacrum freezes you!
You die...

##...##.###
####...###§..#
#######....####☼§§###
#....#...###
#..#§.§## .##....###
######§☼# ########
######.###§.# .###
##).(#.#.##.## ...##
#..⌠..###.R##
....######...##.@###
##.....#####..##.Z.#
##.....####..###Z.Z#
###....#...## .2.Z#
## ###....### ZZ5##
≈≈≈##..##### .###
≈≈≈..#.# .$ ≈≈≈≈####
#| #≈##


You could see the friendly Legolam the knight, a reaper, a white imp (asleep),
an anaconda simulacrum (dormant), a death yak simulacrum (dormant), an elephant
simulacrum (dormant), a dire elephant simulacrum (dormant), a harpy simulacrum
and a naga simulacrum (dormant).

Vanquished Creatures
  Gastronok (Lair:2)
  A minotaur (Gauntlet)
  Fannar (D:10)
  A boulder beetle (D:11)
  3 hydras
  A catoblepas (Lair:1)
  2 two-headed ogres
  A hell hog (Gauntlet)
  A death yak (Lair:4)
  Amaemon (Lair:1)
  3 elephants (Lair:3)
  Maurice (D:12)
  An ice statue (IceCv)
  6 cane toads
  A gargoyle (D:12)
  An orange demon (Lair:1)
  A torpor snail (Lair:2)
  A kobold demonologist (D:5)
  3 ice devils
  5 komodo dragons
  An anaconda simulacrum (IceCv)
  2 entropy weaver simulacra (IceCv)
  A troll (D:10)
  A polar bear (Lair:2)
  12 blink frogs
  6 dream sheep
  A snapping turtle (Lair:2)
  A shadow (D:9)
  17 yaks
  2 fire bats (Gauntlet)
  Grum (D:10)
  3 basilisks
  4 vampire mosquitoes (D:11)
  A warg (D:10)
  An acid dragon (D:9)
  6 water moccasins
  A hell hound (Gauntlet)
  A sky beast (D:8)
  3 orc warriors
  3 black bears
  An ogre (D:4)
  3 centaurs
  5 wolves
  A phantom (D:7)
  A kobold brigand (D:5)
  6 bullfrogs
  A necrophage (D:5)
  4 scorpions
  4 two-headed ogre simulacra (IceCv)
  4 wights (D:9)
  12 killer bees
  An elephant simulacrum (IceCv)
  4 howler monkeys
  An electric eel (Lair:2)
  A crimson imp (D:5)
  A jelly (D:8)
  A gnoll bouda (D:7)
  7 orc priests
  A hound (D:5)
  Jessica (D:3)
  2 orc wizards
  Ijyb (D:3)
  4 iguanas
  5 troll simulacra (IceCv)
  A polar bear simulacrum (IceCv)
  5 spriggan simulacra (IceCv)
  A wolf simulacrum (IceCv)
  8 gnolls
  6 adders
  6 naga simulacra (IceCv)
  4 white imps (IceCv)
  2 ufetubi (IceCv)
  29 orcs
  6 bats
  2 bat zombies (D:7)
  11 endoplasms
  3 giant cockroaches
  3 goblins
  7 hobgoblins
  2 quokkas
  9 ball pythons
  5 frilled lizards
  10 kobolds
  A rat (D:3)
  A rat zombie (D:7)
298 creatures vanquished.

Vanquished Creatures (collateral kills)
  A catoblepas (Lair:4)
  A two-headed ogre (D:11)
  2 death yaks
  An elephant (Lair:3)
  A black mamba (Lair:2)
  A torpor snail (Lair:4)
  Maggie (Lair:1)
  4 cane toads
  A polar bear (Lair:1)
  A blink frog (Lair:2)
  3 dream sheep (Lair:4)
  A culicivora (Lair:2)
  A wyvern (D:8)
  5 yaks
  A basilisk (D:11)
  A harpy simulacrum (IceCv)
  A hell hound (Gauntlet)
  2 water moccasins (Lair:1)
  A sky beast (D:5)
  A wolf (D:10)
  2 bullfrogs
  2 two-headed ogre simulacra (IceCv)
  2 cane toad simulacra (IceCv)
  9 killer bees
  2 howler monkeys (D:7)
  2 jellies (D:7)
  A hound (D:6)
  An iguana (D:6)
  2 orc wizards
  A spriggan simulacrum (IceCv)
  A troll simulacrum (IceCv)
  A wolf simulacrum (IceCv)
  An adder (D:6)
  2 gnolls (D:7)
  An orc (D:11)
  A goblin (D:9)
62 creatures vanquished.

Vanquished Creatures (others)
  A dream sheep (Lair:4)
  3 knights
  An ancestor (D:4)
  A demonic plant (Gauntlet)
  15 fungi
  24 plants
45 creatures vanquished.

Grand Total: 405 creatures vanquished

Notes
Turn   | Place    | Note
-------+----------+-------------------------------------------
     0 | D:1      | freelancePsychic the Deep Elf Arcane Marksman began the
                  | quest for the Orb.
     0 | D:1      | Reached XP level 1. HP: 11/11 MP: 5/5
   106 | D:1      | Reached skill level 3 in Ranged Weapons
   106 | D:1      | Reached skill level 1 in Stealth
   122 | D:1      | Reached XP level 2. HP: 16/16 MP: 6/6
   455 | D:1      | Found a faded altar of an unknown god.
   556 | D:1      | Reached skill level 1 in Fire Magic
  1283 | D:2      | Reached XP level 3. HP: 20/20 MP: 3/7
  1370 | D:2      | Learned a level 3 spell: Inner Flame
  1398 | D:2      | Reached skill level 1 in Fighting
  1642 | D:2      | Reached XP level 4. HP: 25/25 MP: 3/8
  1881 | D:2      | Found a hazy altar of Hepliaklqana.
  1888 | D:2      | Became a worshipper of Hepliaklqana the Forgotten
  1963 | D:3      | Noticed Jessica
  1969 | D:3      | Killed Jessica
  2057 | D:3      | Reached skill level 4 in Ranged Weapons
  2125 | D:3      | Found a sacrificial altar of Ru.
  2126 | D:3      | Found a hide-covered altar of Uskayaw.
  2613 | D:3      | Found a snail-covered altar of Cheibriados.
  2614 | D:3      | Found a sparkling altar of Nemelex Xobeh.
  2617 | D:3      | Found an opulent altar of Gozag.
  2626 | D:3      | Found a broken altar of Ashenzari.
  3172 | D:4      | Noticed Ijyb
  3264 | D:4      | Reached XP level 5. HP: 26/29 MP: 9/9
  3457 | D:4      | Identified the +1 robe "Osiatt" {Fly rElec rN+ Str+2}
  3457 | D:4      | Noticed an ogre
  3477 | D:4      | Killed an ogre
  3478 | D:4      | Reached skill level 5 in Hexes
  3603 | D:4      | Reached XP level 6. HP: 21/35 MP: 3/10
  3804 | D:4      | Reached * piety under Hepliaklqana
  4321 | D:3      | Killed Ijyb
  4458 | D:5      | Entered Level 5 of the Dungeon
  4554 | D:5      | Reached skill level 5 in Ranged Weapons
  4578 | D:5      | Reached XP level 7. HP: 36/36 MP: 4/11
  4748 | D:5      | Found a staircase to the Ecumenical Temple.
  4767 | D:5      | Reached skill level 6 in Ranged Weapons
  4852 | D:5      | Found a burning altar of Makhleb.
  4921 | D:5      | Noticed a kobold demonologist
  4924 | D:5      | Reached skill level 7 in Ranged Weapons
  4925 | D:5      | Killed a kobold demonologist
  4926 | D:5      | Reached skill level 8 in Ranged Weapons
  4926 | D:5      | Reached XP level 8. HP: 43/43 MP: 5/12
  5423 | D:6      | Reached skill level 9 in Ranged Weapons
  5694 | D:6      | Reached ** piety under Hepliaklqana
  5695 | D:6      | Remembered your ancestor Legolam as a knight
  5711 | D:6      | Identified the +3 pair of gloves of Vexation {MP+9}
  5809 | D:6      | Found an ornate altar of the Wu Jian Council.
  5843 | D:6      | Reached skill level 10 in Ranged Weapons
  6341 | D:7      | Reached XP level 9. HP: 47/47 MP: 13/13
  6424 | D:7      | Reached skill level 11 in Ranged Weapons
  6472 | D:7      | Reached skill level 5 in Fighting
  6561 | D:7      | Found an ancient bone altar of Kikubaaqudgha.
  7042 | D:8      | Reached skill level 12 in Ranged Weapons
  7139 | D:7      | Reached skill level 5 in Dodging
  7303 | D:8      | Reached *** piety under Hepliaklqana
  7615 | D:8      | Found a staircase to the Lair.
  7906 | D:9      | Reached skill level 13 in Ranged Weapons
  8006 | D:9      | Found a shadowy altar of Dithmenos.
  8059 | D:9      | Noticed a two-headed ogre
  8065 | D:9      | Killed a two-headed ogre
  8066 | D:9      | Reached XP level 10. HP: 54/54 MP: 14/14
  8086 | D:9      | Found a runed translucent door.
  8086 | D:9      | Noticed Hubris850's ghost (novice DrEE)
  8339 | D:9      | Found an iron altar of Okawaru.
  8594 | D:10     | Entered Level 10 of the Dungeon
  8594 | D:10     | Reached **** piety under Hepliaklqana
  8608 | D:10     | Noticed Grum
  8616 | D:10     | Killed Grum
  8617 | D:10     | Reached skill level 14 in Ranged Weapons
  8992 | D:10     | Found a shimmering altar of Xom.
  9240 | D:10     | Found a staircase to the Orcish Mines.
  9405 | D:10     | Noticed Fannar
  9410 | D:10     | Killed Fannar
  9464 | D:10     | Found a shimmering blue altar of Sif Muna.
  9890 | D:11     | Noticed a two-headed ogre
  9896 | D:11     | Killed a two-headed ogre
  9897 | D:11     | Reached skill level 15 in Ranged Weapons
  9905 | D:11     | Noticed a two-headed ogre
  9910 | D:11     | Killed a two-headed ogre
  9911 | D:11     | Reached XP level 11. HP: 60/60 MP: 15/15
 10029 | D:11     | Noticed a boulder beetle
 10045 | D:11     | Killed a boulder beetle
 10196 | D:11     | Reached skill level 16 in Ranged Weapons
 10515 | D:11     | Identified a scroll of acquirement
 10515 | D:11     | Acquired the ring of Gisymm {Int+7 Dex+6}
 10584 | D:12     | Noticed Maurice
 10591 | D:12     | Killed Maurice
 10705 | Lair:1   | Entered Level 1 of the Lair of Beasts
 10705 | Lair:1   | Noticed Amaemon
 10713 | Lair:1   | Killed Amaemon
 10797 | Lair:1   | Noticed a catoblepas
 10812 | Lair:1   | Killed a catoblepas
 10858 | Lair:1   | You fall into a shaft and drop 1 floor!
 10949 | Lair:2   | Noticed Gastronok
 10956 | Lair:2   | Killed Gastronok
 10957 | Lair:2   | Reached skill level 17 in Ranged Weapons
 11053 | Lair:2   | Found a hole to the Spider Nest.
 11196 | Lair:2   | Reached XP level 12. HP: 34/66 MP: 20/20
 11236 | Lair:2   | Reached skill level 10 in Dodging
 11322 | Lair:2   | Reached ***** piety under Hepliaklqana
 11352 | Lair:2   | Noticed a six-headed hydra
 11359 | Lair:2   | Killed a six-headed hydra
 11502 | Lair:2   | Found a staircase to the Shoals.
 11560 | Lair:2   | Reached skill level 5 in Spellcasting
 11928 | Lair:1   | Reached skill level 18 in Ranged Weapons
 11937 | Lair:1   | Noticed Maggie
 11945 | Lair:1   | Killed Maggie
 12103 | Lair:1   | Reached skill level 1 in Armour
 12343 | Lair:1   | Identified the ring of Luanuh {Fly rPois Will- rCorr Str+2}
 12750 | Lair:3   | Noticed a six-headed hydra
 12754 | Lair:3   | Killed a six-headed hydra
 12758 | Lair:3   | Noticed a five-headed hydra
 12764 | Lair:3   | Killed a five-headed hydra
 12786 | Lair:3   | Reached skill level 19 in Ranged Weapons
 12899 | Lair:3   | Reached XP level 13. HP: 72/72 MP: 24/24
 13385 | Lair:4   | Found a gate leading to a gauntlet.
 13402 | Gauntlet | Entered a Gauntlet
 13402 | Gauntlet | Found a transporter.
 13402 | Gauntlet | Found a transporter.
 13414 | Gauntlet | Found a transporter.
 13441 | Gauntlet | Found a transporter.
 13441 | Gauntlet | Found a transporter.
 13441 | Gauntlet | Found a transporter.
 13443 | Gauntlet | Found a transporter.
 13443 | Gauntlet | Found a transporter.
 13448 | Gauntlet | Found a runed translucent door.
 13455 | Gauntlet | Found a transporter.
 13471 | Gauntlet | Found a transporter.
 13473 | Gauntlet | Found a runed translucent door.
 13481 | Gauntlet | Found a transporter.
 13495 | Gauntlet | Found a transporter.
 13515 | Gauntlet | Found a transporter.
 13528 | Gauntlet | Found a transporter.
 13730 | Gauntlet | Identified the ring of Qievef {rPois rF+ Str+2 Dex+4}
 13758 | Gauntlet | Noticed a minotaur
 13767 | Gauntlet | Killed a minotaur
 13781 | Gauntlet | Found the +1 robe of Vines {NoPotionHeal Regen++++}
 13786 | Gauntlet | Identified the +5 war axe of Ifodell {freeze, rF++ rC+
                  | rCorr Int+3 Dex-2}
 14137 | Lair:4   | Reached skill level 20 in Ranged Weapons
 14640 | Lair:5   | Found a frozen archway.
 14658 | IceCv    | Entered an ice cave
 15252 | IceCv    | Reached skill level 10 in Fighting
 15364 | IceCv    | Noticed a reaper
 15364 | IceCv    | Mangled by a harpy simulacrum

Illustrated notes

Levels and vault maps discovered:
D:1:      dpeg_arrival_leaves_temple_mockup, layout_loops_ring,
          hellmonk_ecumenical_altar_zigzags
D:2:      layout_basic, serial_rivers, chequers_serial_rivers_room_b,
          chequers_serial_rivers_room_a, chequers_serial_rivers_small_3,
          chequers_serial_rivers_micro_d, chequers_serial_rivers_large_b,
          chequers_serial_rivers_micro_e, basic_altar
D:3:      layout_basic, minitemple, mainiacjoe_overflow_divided_tiny,
          kennysheep_nondescript, uniq_jessica
D:4:      layout_rooms, minivault_25, uniq_ijyb
D:5:      layout_loops_ring, makhleb_grotto_becter,
          minmay_temple_entry_gardened_gates
D:6:      layout_cave_pods, overflow_temple_1_default
D:7:      layout_rooms, lemuel_zombie_altar_kikubaaqudgha
D:8:      layout_rooms, lair_entry_dummy, patterned_corridor
D:9:      layout_roguey, kennysheep_okawaru_gauntlet, grunt_dithmenos_shadows,
          hellmonk_ghost_big_iron, corexii_checkpoint_a
D:10:     layout_gridville, amcnicky_altar_gilded, kennysheep_mini_moat,
          nicolae_overflow_hidden_temple, david_orc_3, uniq_fannar, uniq_grum
D:11:     layout_rooms
D:12:     layout_grid_maze, uniq_azrael, uniq_maurice
Lair:1:   layout_regular_city, wad_woods_06, uniq_amaemon, uniq_maggie
Lair:2:   layout_loops_ring, minmay_shoals_entry_hut,
          hellmonk_spider_entry_life_and_decay, uniq_gastronok
Lair:3:   layout_hall_layers
Lair:4:   layout_hall_layers, gauntlet_entry_generic
Lair:5:   layout_regular_city, minmay_slime_entry_pillars, enter_volcano_2,
          portal_ice_cave_demonic_guard
IceCv:    ice_cave_caverns_01

Skill      XL: |  1  2  3  4  5  6  7  8  9 10 11 12 13 |
---------------+----------------------------------------+-----
Ranged Weapons | 3 4 5 8 10 13 15 17 19 20 | 20.7
Stealth        | 1 2 3 4 |  4.3
Fire Magic     | 1 2 |  2.9
Fighting       | 1 2 3 4 6 7 8 9 10 | 10.0
Hexes          | 5 6 8 |  8.6
Dodging        | 3 6 8 9 10 | 10.1
Spellcasting   | 4 6 |  6.6
Armour         | 2 |  2.7

Action                   |  1- 3 |  4- 6 |  7- 9 | 10-12 | 13-15 || total
-------------------------+-------+-------+-------+-------+-------++-------
 Fire: Sling             |    99 |   138 |       |       |       ||   237
       Longbow           |       |     8 |   183 |   376 |   190 ||   757
 Cast: Slow              |    12 |    10 |     6 |    11 |       ||    39
       Inner Flame       |     3 |    11 |    27 |    46 |    30 ||   117
Invok: Ancestor Identity |       |     1 |       |       |       ||     1
       Ancestor Life: Kn |       |       |     1 |       |       ||     1
       Recall Ancestor   |       |       |     1 |     2 |     3 ||     6
  Use: Scroll            |     1 |     6 |     6 |     7 |     5 ||    25
       Potion            |       |       |       |       |     2 ||     2
Armor: Robe              |     7 |    11 |    21 |     3 |       ||    42
       Troll leather arm |       |       |       |    10 |       ||    10
       Swamp dragon scal |       |       |       |     4 |    17 ||    21
Dodge: Dodged            |    10 |    36 |    48 |    54 |    20 ||   168

Table legend: (Time is in decaauts)
 A = Elapsed time spent in this place.
 B = Non-inter-level travel time spent in this place.
 C = Inter-level travel time spent in this place.
 D = Time resting spent in this place.
 E = Time spent auto-exploring this place.
 F = Levels seen in this place.
 G = Mean time per level.
                   A        B        C        D        E       F      G
               +--------+--------+--------+--------+--------+-----+--------+
         Total |  15469 |  14725 |    744 |    920 |  11193 |  19 |  814.2 |
       Dungeon |  10833 |  10240 |    593 |    528 |   8354 |  12 |  902.8 |
          Lair |   3538 |   3387 |    151 |     55 |   2650 |   5 |  707.6 |
      Ice Cave |    692 |    692 |      0 |    278 |      0 |   1 |  692.0 |
      Gauntlet |    405 |    405 |      0 |     59 |    189 |   1 |  405.0 |
               +--------+--------+--------+--------+--------+-----+--------+

Top non-repeatable levels by time:
     D:3: 1518 daAuts
     D:1: 1219 daAuts
     D:9: 1098 daAuts
  Lair:2: 1089 daAuts
     D:2: 1008 daAuts
    D:10: 1004 daAuts
     D:8: 962 daAuts
  Lair:1: 957 daAuts
     D:6: 860 daAuts
     D:5: 852 daAuts
  Lair:4: 830 daAuts
     D:4: 798 daAuts
     D:7: 759 daAuts
    D:11: 696 daAuts
   IceCv: 692 daAuts
